cohdb
Replays
Latest Replays
All Replays
Popular Replays
Top Player Replays
Match Explorer
How It Works
Community
CoH3 Stats
Reddit
Sign in to upload your games and track your stats! →
Sign in with Steam
Match 44327412
Unlisted
Match 44327412
Overview
Messages
Build Orders
End
Pioneer Squad
Construct Infanterie Kompanie
Selects Breakthrough Battlegroup
Grenadier Squad
MG 42 Machine Gun Team
Grenadier Squad
Infanterie Officer Quarters
GrW 34 Mortar Team
Construct Panzergrenadier Kompanie
Selects Assault Grenadiers
Selects Rapid Production
Pak 40 Anti-tank Gun Team
Panzergrenadier Squad
Panzergrenadier Squad
Construct Panzer Kompanie
Selects Breakthrough
Selects Blitzkrieg
Panzer IV Medium Tank
Selects Incendiary Bombing Run
Selects Incendiary Bombing Run
251 Medium Carrier
Incendiary Bombing Run
Support Elements
Incendiary Bombing Run
Panzer IV Medium Tank
Side Skirts
Incendiary Bombing Run
Nebelwerfer 42 Rocket Launcher Team
Panzer Officer Quarters
Breakthrough
Incendiary Bombing Run
Selects Tiger Heavy Tank
Tiger Heavy Tank
Clumsy
Earthdog
Yosugami
STALKER4732
kit.ohume
Devochkin
0
0
Comments
sign in to comment!
No comments posted yet!